AoeStats
← busy pushing deer

African Clearing

510455065Analyzed
4v4 RM · 16h ago on Oct 1, 2026· 26m 21s· 8 players
Game mode
Random Map
Map size
Large (8 player)
Population
200
Speed
Normal
Resources
Standard
Victory
Conquest
Starting age
Dark Age
Ending age
Imperial Age
RankedLock teamsTeams togetherTeam positionsShared explorationLock speedFull tech treeHidden civsTurbo modeCheats
Victory
Defeat
🇨🇳 Danes · China
1549
+13
🇨🇳 Dravidians · China
1520
+14
🇦🇷 Mongols · Argentina
1418
+18
🇭🇰 Huns · Hong Kong SAR China
1366
+20
🇺🇸 Wei · United States
1515
-18
🇦🇷 Maya · Argentina
1502
-18
🇺🇸 Saxons · United States
1458
-16
🇨🇴 Khmer · Colombia
1384
-13
busy pushing deer
13:44 Feudal Age
17:50 Castle Age
16:24 Double-Bit Axe
19:58 Bow Saw
benji
8:21 Loom
11:32 Feudal Age
12:16 Double-Bit Axe
13:07 Horse Collar
15:42 Wheelbarrow
23:49 Castle Age
OM | ingjuanpalencia
13:32 Feudal Age
17:08 Castle Age
17:58 Double-Bit Axe
17:59 Light Cavalry
18:49 Bloodlines
20:41 Loom
24:41 Bow Saw
25:49 Wheelbarrow
weaking
3:46 Loom
13:05 Feudal Age
13:51 Double-Bit Axe
AWAKALTA
11:19 Feudal Age
12:21 Double-Bit Axe
12:33 Loom
18:23 Bloodlines
21:37 Scale Barding Armor
23:03 Wheelbarrow
25:39 Castle Age
25:01 Forging
26:14 Light Cavalry
苏东坡的粉丝
6:16 Loom
12:54 Feudal Age
13:58 Double-Bit Axe
15:11 Fletching
17:56 Wheelbarrow
25:00 Castle Age
23:03 Horse Collar
24:44 Padded Archer Armor
25:10 Crossbowman
25:47 Bodkin Arrow
26:06 Bow Saw
Snow_Boss
5:02 Loom
13:27 Feudal Age
13:53 Man-at-Arms
14:45 Arson
16:49 Double-Bit Axe
20:03 Forging
22:49 Wheelbarrow
26:14 Castle Age
24:24 Horse Collar
Just for fun
3:53 Loom
13:17 Feudal Age
16:02 Horse Collar
16:10 Double-Bit Axe
21:25 Castle Age
20:06 Gold Mining
20:30 Fletching
21:37 Padded Archer Armor
22:14 Bodkin Arrow
26:08 Leather Archer Armor
Connection lost

Rejoining the realm…

Still unreachable

The connection could not be restored.

Session expired

The server has moved on; the page needs a fresh start.